 Dungeon Crawl Stone Soup version 0.29-a0-1043-g569b05d6ff (webtiles) character file.

Game seed: 15036051928762118873

25178 nickcage the Impaler (level 13, -3/106 HPs)
             Began as a Merfolk Gladiator on Aug 11, 2022.
             Was a High Priest of the Shining One.
             Slain by a harpy simulacrum (6 damage)
             ... in an ice cave on Aug 15, 2022.
             The game lasted 00:47:45 (13188 turns).

nickcage the Impaler (Merfolk Gladiator)           Turns: 13188, Time: 00:47:46

Health: -3/106     AC: 28    Str: 22    XL:     13   Next: 17%
Magic:  13/16      EV:  6    Int:  9    God:    the Shining One [*****.]
Gold:   767        SH: 20    Dex: 15    Spells: 12/12 levels left

rFire   . . .      SeeInvis .   v - +8 trishula "Condemnation" {holy, anguish, *Noise Fly rN+}
rCold   + . .      Faith    .   X - +0 tower shield
rNeg    + + +      Spirit   .   J - +0 plate armour
rPois   .          Reflect  .   R - +2 helmet "Corrinixt" {Regen+ Str+4 Stlth+}
rElec   .          Harm     .   (no cloak)
rCorr   .          Rampage  .   E - +1 pair of gloves
Will    .....                   L - +2 pair of boots {Fly}
Stlth   ..........              K - amulet of the acrobat
HPRegen 1.07/turn               f - +4 ring of protection
MPRegen 0.15/turn               Q - ring of protection from cold

@: divinely shielded, flying, hasted, glowing, studying Ranged Weapons, very
quick
A: (nimble swimmer 2), mertail
a: Renounce Religion, Divine Shield, Cleansing Flame, Summon Divine Warrior


You were in an ice cave.
You worshipped the Shining One.
The Shining One was extremely pleased with you.
You visited 2 branches of the dungeon, and saw 13 of its levels.
You also visited: Bailey and Ice Cave.

You collected 1028 gold pieces.
You spent 261 gold pieces at shops.

Inventory:

Hand Weapons
 a - a +2 vorpal trident
 v - the +8 trishula "Condemnation" (weapon) {holy, anguish, *Noise Fly rN+}
   (You found it on level 3 of the Lair of Beasts)

   It has been blessed by the Shining One to cause great damage to the undead
   and demons.
   It inflicts anguish, making its victims' attacks reflect back on them.
   rN:        It protects you from negative energy.
   Fly:       It grants you flight.
   *Noise:    It may make noises in combat.
 w - the +5 sling "Woipohy" {flame, Fly}
   (You found it on level 5 of the Dungeon)

   Any ammunition fired from it burns those it strikes, dealing additional fire
   damage.
   Fly:       It grants you flight.
 B - the +3 halberd of Luyg {venom, rF- rN+ rCorr Str+6}
   (You bought it in a shop on level 6 of the Dungeon)

   It poisons the flesh of those it strikes.
   Str:       It affects your strength (+6).
   rF:        It makes you vulnerable to fire.
   rN:        It protects you from negative energy.
   rCorr:     It protects you from acid and corrosion.
Missiles
 H - 12 boomerangs (quivered)
Armour
 E - a +1 pair of gloves (worn)
 J - a +0 plate armour (worn)
 L - a +2 pair of boots of flying (worn)
 R - the +2 helmet "Corrinixt" (worn) {Regen+ Str+4 Stlth+}
   (You acquired it on level 8 of the Dungeon)

   Str:       It affects your strength (+4).
   Regen:     It increases your rate of health regeneration.
   Stlth:     It makes you more stealthy.
 X - a +0 tower shield (worn)
Jewellery
 f - a +4 ring of protection (left hand)
 j - a ring of ice
 r - a +6 ring of strength
 K - an amulet of the acrobat (around neck)
 Q - a ring of protection from cold (right hand)
Wands
 b - a wand of mindburst (13)
 s - a wand of paralysis (14)
 t - a wand of polymorph (7)
 u - a wand of roots (22)
 F - a wand of quicksilver (14)
 U - a wand of flame (34)
Scrolls
 m - 2 scrolls of magic mapping
 o - 8 scrolls of teleportation
 C - 5 scrolls of fear
 G - 2 scrolls of blinking
 I - 4 scrolls of butterflies
 O - 6 scrolls of identify
 S - 2 scrolls of poison {unknown}
 W - a scroll of silence {unknown}
 Y - a scroll of summoning {unknown}
 Z - a scroll of enchant weapon
Potions
 c - 3 potions of berserk rage {unknown}
 d - 8 potions of ambrosia
 e - 3 potions of cancellation
 g - 4 potions of invisibility
 i - a potion of resistance
 l - 7 potions of curing
 n - 6 potions of might
 p - 5 potions of haste
 q - 2 potions of brilliance
 x - 3 potions of mutation
 A - 4 potions of lignification {unknown}
Miscellaneous
 h - a phial of floods
 N - a piece from Xom's chessboard (15/15)
 T - a lightning rod (4/4)


   Skills:
 + Level 11.6 Fighting
 + Level 16.3 Polearms
 - Level 2.0 Throwing
 - Level 10.2 Armour
 * Level 7.2 Dodging
 * Level 2.4 Shields
 - Level 5.0 Invocations
 - Level 0.3 Evocations


You had 12 spell levels left.
You didn't know any spells.
Your spell library contained the following spells:

 Spells                   Type           Power      Damage    Failure   Level
 Blink                    Tloc           0%         N/A       100%        2
 Ensorcelled Hibernation  Hex/Ice        0%         N/A       100%        2
 Passwall                 Tmut/Erth      0%         N/A       100%        2
 Sublimation of Blood     Necr           0%         N/A       100%        2
 Call Canine Familiar     Summ           0%         N/A       100%        3
 Lesser Beckoning         Tloc           0%         N/A       100%        3
 Portal Projectile        Hex/Tloc       0%         N/A       100%        3
 Swiftness                Air            0%         N/A       100%        3
 Cause Fear               Hex            0%         N/A       100%        4
 Leda's Liquefaction      Hex/Erth       0%         N/A       100%        4
 Petrify                  Tmut/Erth      0%         N/A       100%        4
 Irradiate                Conj/Tmut      0%         3d11      100%        5
 Manifold Assault         Tloc           0%         N/A       100%        5
 Summon Forest            Summ/Tloc      0%         N/A       100%        5
 Summon Mana Viper        Hex/Summ       0%         N/A       100%        5
 Summon Cactus Giant      Summ           0%         N/A       100%        6
 Monstrous Menagerie      Summ           0%         N/A       100%        7
 Storm Form               Tmut/Air       0%         N/A       100%        7
 Discord                  Hex            0%         N/A       100%        8


Dungeon Overview and Level Annotations

Branches:
Dungeon (10/15)            Temple (0/1) D:6            Lair (3/5) D:9
  Swamp (0/4) Lair:2       Spider (0/4) Lair:3       Bailey (visited)
  IceCv (1/1)
    Orc: D:9-12

Altars:
Ashenzari
Dithmenos
Elyvilon
Kikubaaqudgha
Makhleb
Nemelex Xobeh
Trog
Uskayaw
Wu Jian
Xom
Yredelemnul
Zin
The Shining One

Shops:
D:6 ([?

Annotations:
D:9 3 runed translucent doors, marklar909's ghost, novice PaFi


Innate Abilities, Weirdness & Mutations

((You are very nimble when in or above water. (Stealth+, EV+, Speed+++)))
Your lower body shifts to a powerful aquatic tail in water.


Message History

The harpy simulacrum completely misses you.
You block the harpy simulacrum's attack.
The harpy simulacrum claws you!
* * * LOW HITPOINT WARNING * * *
The harpy simulacrum freezes you. You resist.
* * * LOW HITPOINT WARNING * * *
The harpy simulacrum claws you but does no damage.
You block the harpy simulacrum's attack.
The harpy simulacrum completely misses you.
The harpy simulacrum claws you but does no damage.
The harpy simulacrum closely misses you.
The harpy simulacrum claws you!
* * * LOW HITPOINT WARNING * * *
The harpy simulacrum freezes you! You resist.
The Shining One protects you from harm! The harpy simulacrum barely misses you.
You feel much better. The harpy simulacrum claws you.
* * * LOW HITPOINT WARNING * * *
The harpy simulacrum freezes you. You resist.
* * * LOW HITPOINT WARNING * * *
You block the harpy simulacrum's attack. x4
The harpy simulacrum claws you.
* * * LOW HITPOINT WARNING * * *
The harpy simulacrum freezes you! You resist.
* * * LOW HITPOINT WARNING * * *
The harpy simulacrum claws you but does no damage.
The harpy simulacrum barely misses you.
You feel yourself speed up.
The harpy simulacrum claws you but does no damage.
You block the harpy simulacrum's attack.
The harpy simulacrum claws you.
* * * LOW HITPOINT WARNING * * *
The harpy simulacrum freezes you! You resist.
* * * LOW HITPOINT WARNING * * *
You block the harpy simulacrum's attack.
The harpy simulacrum claws you but does no damage. x3
The harpy simulacrum closely misses you.
Your shield is strengthened by the Shining One's divine power.
The harpy simulacrum claws you.
You die...

#.......#
#.......#
####.####
#.(.....#
#[...u.(#
#.....÷(#
#.......#
#....ZZ.#
##...@.##
##...##
##.##
##...##
##.....##
#...∩...#
#.......#
#.......#
#...∩...#


You could see a white ugly thing (anguished) and 2 harpy simulacra.

Vanquished Creatures
  An orc warlord (Bailey)
  Fannar (Lair:2)
  2 hydras
  A boulder beetle (D:7)
  Amaemon (Lair:1)
  Pikel (D:4)
  2 oklob plants (Lair:2)
  A deep elf pyromancer (D:9)
  An orange demon (Lair:1)
  2 ice statues (IceCv)
  2 black mambas
  4 cane toads
  2 rime drakes (Lair:1)
  5 komodo dragons
  A freezing wraith (D:9)
  An unseen horror (D:7)
  2 kobold demonologists (D:10)
  A queen bee (Lair:2)
  A polar bear (Lair:3)
  Grinder (D:4)
  5 blink frogs (Lair:2)
  3 tyrant leeches (Lair:2)
  A hornet (D:10)
  A shadow (D:9)
  A wraith (D:9)
  A dire elephant simulacrum (IceCv)
  2 wyverns
  17 yaks
  A basilisk (Lair:1)
  Menkaure (D:7)
  A death yak simulacrum (IceCv)
  2 swamp worms (Lair:2)
  4 water moccasins
  An acid dragon (D:9)
  Duvessa (D:7)
  5 orc warriors
  2 ice beasts
  2 black bears
  3 ogres
  5 wolves (Lair:2)
  4 lemures (D:4)
  3 phantoms
  3 centaurs
  10 bullfrogs
  3 kobold brigands (D:10)
  A gnoll sergeant (D:10)
  2 cane toad simulacra (IceCv)
  2 necrophages
  6 scorpions
  5 wights
  Dowan (D:7)
  2 elephant simulacra (IceCv)
  34 killer bees
  A crimson imp (D:3)
  3 jellies
  5 hounds
  3 orc priests
  Ijyb (D:4)
  Natasha (thrice) (D:2)
  2 iguanas (D:4)
  11 orc wizards
  A wolf simulacrum (IceCv)
  11 gnolls
  8 adders
  A shadow imp (D:7)
  A white imp (D:5)
  2 ufetubi
  A worm (D:3)
  29 orcs
  4 endoplasms
  9 goblins
  6 hobgoblins
  2 jackals (D:1)
  A quokka (D:3)
  12 ball pythons
  4 bats
  3 frilled lizards
  2 goblin skeletons (D:3)
  A goblin zombie (D:3)
  2 hobgoblin zombies (D:3)
  14 kobolds
  2 kobold skeletons (D:3)
  An orc skeleton (D:3)
  7 rats
  A bush (Lair:2)
322 creatures vanquished.

Vanquished Creatures (others)
  An ugly thing (IceCv)
  An ice statue (IceCv)
  A basilisk (Lair:3)
  9 fungi
  6 plants
18 creatures vanquished.

Grand Total: 340 creatures vanquished

Notes
Turn   | Place    | Note
-------+----------+-------------------------------------------
     0 | D:1      | nickcage the Merfolk Gladiator began the quest for the Orb.
     0 | D:1      | Reached XP level 1. HP: 16/16 MP: 1/1
     7 | D:1      | Upgraded the game from 0.29-a0-1023-g6ae1a4a2c7 to
                  | 0.29-a0-1043-g569b05d6ff
   335 | D:1      | Reached XP level 2. HP: 22/22 MP: 2/2
   456 | D:1      | Found a faded altar of an unknown god.
   467 | D:1      | Reached skill level 5 in Polearms
   720 | D:2      | Reached XP level 3. HP: 27/27 MP: 3/3
   731 | D:2      | Reached skill level 6 in Polearms
   954 | D:2      | Noticed Natasha
   964 | D:2      | Killed Natasha
   965 | D:2      | Reached XP level 4. HP: 23/33 MP: 4/4
  1116 | D:2      | Noticed Natasha
  1124 | D:2      | Killed Natasha
  1125 | D:2      | Reached skill level 7 in Polearms
  1364 | D:2      | Noticed Natasha
  1381 | D:2      | Killed Natasha
  1382 | D:2      | Reached XP level 5. HP: 9/38 MP: 5/5
  2031 | D:3      | Found a glowing golden altar of the Shining One.
  2051 | D:3      | Reached skill level 8 in Polearms
  2080 | D:3      | Became a worshipper of the Shining One
  2737 | D:3      | Found a white marble altar of Elyvilon.
  2918 | D:4      | Reached XP level 6. HP: 44/44 MP: 6/6
  3005 | D:4      | Found a broken altar of Ashenzari.
  3034 | D:4      | Noticed Ijyb
  3045 | D:4      | Killed Ijyb
  3046 | D:4      | Reached skill level 9 in Polearms
  3494 | D:4      | Found a bloodstained altar of Trog.
  3571 | D:4      | Noticed Pikel
  3586 | D:4      | Paralysed by Pikel for 2 turns
  3596 | D:4      | Killed Pikel
  3597 | D:4      | Reached skill level 11 in Polearms
  3597 | D:4      | Reached XP level 7. HP: 23/50 MP: 7/7
  4034 | D:4      | Found a shimmering altar of Xom.
  4036 | D:4      | Found a white marble altar of Elyvilon.
  4036 | D:4      | Found a broken altar of Ashenzari.
  4038 | D:4      | Found an ancient bone altar of Kikubaaqudgha.
  4038 | D:4      | Found a hide-covered altar of Uskayaw.
  4038 | D:4      | Found a shimmering altar of Xom.
  4129 | D:4      | Reached skill level 12 in Polearms
  4129 | D:4      | Reached XP level 8. HP: 52/56 MP: 8/8
  4165 | D:4      | Noticed Grinder
  4173 | D:4      | Killed Grinder
  4253 | D:5      | Entered Level 5 of the Dungeon
  4379 | D:5      | Identified the +5 sling "Woipohy" {flame, Fly}
  4536 | D:5      | Reached skill level 13 in Polearms
  4909 | D:5      | Reached * piety under the Shining One
  5291 | D:6      | Reached skill level 14 in Polearms
  5326 | D:6      | Found Saamosk's Antique Weapon Boutique.
  5334 | D:6      | Bought a dazzling halberd for 261 gold pieces
  5334 | D:6      | Identified the +3 halberd of Luyg {venom, rF- rN+ rCorr
                  | Str+6} (You bought it in a shop on level 6 of the Dungeon)
  5359 | D:6      | Found a staircase to the Ecumenical Temple.
  5398 | D:6      | Reached skill level 1 in Armour
  5499 | D:6      | Reached XP level 9. HP: 63/64 MP: 9/9
  5529 | D:6      | Found Boohad's Magic Scroll Shoppe.
  5588 | D:6      | Found Noakoja's Armour Emporium.
  5988 | D:7      | Reached skill level 5 in Fighting
  5992 | D:7      | Found a flagged portal.
  6114 | Bailey   | Entered a bailey
  6160 | Bailey   | Noticed an orc warlord
  6234 | Bailey   | Reached ** piety under the Shining One
  6274 | Bailey   | Found a runed translucent gate.
  6276 | Bailey   | Found a runed translucent gate.
  6283 | Bailey   | Found a runed translucent gate.
  6544 | Bailey   | Killed an orc warlord
  6545 | Bailey   | Reached XP level 10. HP: 54/80 MP: 6/10
  6550 | Bailey   | Got Zexext's Almanac of Collective Execration
  6659 | D:7      | Acquired a manual of Ranged Weapons
  6817 | D:7      | Noticed Menkaure
  6835 | D:8      | Noticed a cyclops
  6848 | D:8      | Reached skill level 5 in Armour
  7221 | D:7      | Killed Menkaure
  7418 | D:7      | Found a burning altar of Makhleb.
  7419 | D:7      | Found a glowing silver altar of Zin.
  7421 | D:7      | Found an ancient bone altar of Kikubaaqudgha.
  7425 | D:7      | Found a basalt altar of Yredelemnul.
  7426 | D:7      | Found an ornate altar of the Wu Jian Council.
  7428 | D:7      | Found a shadowy altar of Dithmenos.
  7505 | D:7      | Noticed Dowan
  7506 | D:7      | Noticed Duvessa
  7510 | D:7      | Killed Dowan
  7515 | D:7      | Killed Duvessa
  7886 | D:7      | Noticed a boulder beetle
  7896 | D:7      | Noticed an unseen horror
  7899 | D:7      | Killed an unseen horror
  7962 | D:7      | Killed a boulder beetle
  7963 | D:7      | Reached skill level 10 in Fighting
  8152 | D:8      | Acquired the +2 helmet "Corrinixt" {Regen+ Str+4 Stlth+}
  8204 | D:8      | Identified the +6 falchion of Unugil {elec, rPois rN+}
  8557 | D:8      | Found a sparkling altar of Nemelex Xobeh.
  8608 | D:8      | Reached XP level 11. HP: 90/90 MP: 11/11
  8703 | D:9      | Found a staircase to the Lair.
  8726 | D:9      | Found a runed translucent gate.
  8726 | D:9      | Found a runed translucent gate.
  8726 | D:9      | Found a runed translucent gate.
  8745 | D:9      | Reached *** piety under the Shining One
  8810 | D:9      | Noticed marklar909's ghost (novice PaFi)
  8990 | D:9      | Reached skill level 15 in Polearms
  9138 | D:9      | Noticed a deep elf pyromancer
  9138 | D:9      | Noticed a six-headed hydra
  9164 | D:9      | Killed a deep elf pyromancer
  9216 | D:9      | Killed a six-headed hydra
  9462 | D:10     | Entered Level 10 of the Dungeon
  9780 | D:10     | Reached skill level 16 in Polearms
  9900 | D:10     | Reached **** piety under the Shining One
 10061 | Lair:1   | Entered Level 1 of the Lair of Beasts
 10105 | Lair:1   | Reached skill level 1 in Invocations
 10403 | Lair:1   | Noticed Amaemon
 10409 | Lair:1   | Killed Amaemon
 10441 | Lair:1   | Reached XP level 12. HP: 97/97 MP: 14/14
 11163 | Lair:2   | Noticed an eight-headed hydra
 11180 | Lair:2   | Killed an eight-headed hydra
 11641 | Lair:2   | Reached skill level 10 in Armour
 11862 | Lair:2   | Noticed Fannar
 11872 | Lair:2   | Killed Fannar
 11873 | Lair:2   | Reached skill level 5 in Invocations
 11993 | Lair:2   | Identified the +7 quarterstaff "Fioral" {elec, Str+2}
 12146 | Lair:2   | Reached skill level 5 in Dodging
 12254 | Lair:2   | Found a staircase to the Swamp.
 12718 | Lair:3   | Found the +8 trishula "Condemnation" {holy, anguish, *Noise
                  | Fly rN+}
 12774 | Lair:3   | Reached skill level 1 in Shields
 12774 | Lair:3   | Reached XP level 13. HP: 82/106 MP: 16/16
 12816 | Lair:3   | Found a frozen archway.
 12830 | IceCv    | Entered an ice cave
 12839 | IceCv    | Reached ***** piety under the Shining One
 13185 | IceCv    | HP: 3/106 [harpy simulacrum (7)]
 13185 | IceCv    | The Shining One protects you from harm!
 13188 | IceCv    | Slain by a harpy simulacrum

Illustrated notes

Levels and vault maps discovered:
D:1:      shiori_arrival_maze, layout_rooms,
          shapermc_ecumenical_altar_notcrosses
D:2:      layout_loops_ring, serial_bayou_crossing, uniq_natasha
D:3:      layout_basic, nicolae_tso_besieged_by_evil, elyvilon_altar_3
D:4:      layout_basic, mainiacjoe_overflow_catwalk, doesnt_xom_only_xom,
          mainiacjoe_overflow_small_starburst, serial_co_window_serial,
          co_window_of_opportunity_a, co_window_paths_b,
          co_window_of_opportunity_a, co_window_of_opportunity_a,
          co_window_paths_a, co_window_corner_a, co_window_paths_b,
          co_window_cross_2, co_window_of_opportunity_b, co_window_2corner,
          glass_columns_c, glass_columns_b, corexii_shack,
          kennysheep_generic_room_5, uniq_grinder, uniq_pikel, uniq_ijyb
D:5:      layout_gridville, dreamdust_mushroom_princess, minivault_4
D:6:      layout_gridville, minmay_temple_entry_statues_fountains, serial_shops,
          nicolae_lakefront_shop, shop, nicolae_shop_overgrown_old_shop
D:7:      minmay_chambers_of_sixes, layout_layer_cave, minitemple,
          enter_bailey_6, uniq_menkaure, uniq_duvessa
D:8:      layout_loops_ring, nemelex_spade_bored_becter
D:9:      layout_rooms, david_lair_shrubbed, gammafunk_ghost_icy, minmay_radiant
D:10:     layout_cross
Lair:1:   layout_layer_cave, uniq_amaemon
Lair:2:   layout_layer_cave, minmay_swamp_entry_worms, special_room
          [special_room_bee], serial_rivers, chequers_serial_rivers_room_a,
          chequers_serial_rivers_micro_d, chequers_serial_rivers_small_b,
          chequers_serial_rivers_small_a, minmay_lair_oklob_items, uniq_fannar
Lair:3:   layout_layer_cave, nicolae_spider_entry_non_spiders,
          portal_ice_cave_entry_pillars_2, small_statue_intersection
IceCv:    ice_cave_statue_garden_chambered

Skill      XL: |  1  2  3  4  5  6  7  8  9 10 11 12 13 |
---------------+----------------------------------------+-----
Polearms       | 5 6 7 8 11 12 14 16 | 16.3
Fighting       | 3 8 10 11 | 11.6
Armour         | 1 4 6 8 10 | 10.2
Invocations    | 3 5 |  5.0
Dodging        | 6 7 |  7.2
Shields        | 1 2 |  2.4
Throwing       | |  2.0
Evocations     | |  0.3

Action                   |  1- 3 |  4- 6 |  7- 9 | 10-12 | 13-15 || total
-------------------------+-------+-------+-------+-------+-------++-------
Melee: Trident           |    85 |   204 |   100 |    18 |       ||   407
       Punch             |     1 |     3 |     1 |     1 |       ||     6
       Halberd           |       |       |   101 |   484 |       ||   585
       Trishula          |       |       |       |     9 |    87 ||    96
Throw: Javelin           |     1 |     3 |     3 |       |       ||     7
       Throwing net      |       |     1 |       |       |       ||     1
       Boomerang         |       |       |    15 |     6 |     1 ||    22
Invok: Divine Shield     |       |       |     1 |       |     1 ||     2
Evoke: Wand              |       |     1 |       |       |       ||     1
  Use: Scroll            |     5 |     6 |     8 |    10 |     1 ||    30
       Potion            |       |       |     2 |     4 |     2 ||     8
Armor: Ring mail         |    24 |     3 |       |       |       ||    27
       Leather armour    |     4 |       |       |       |       ||     4
       Scale mail        |       |    48 |    48 |       |       ||    96
       Plate armour      |       |       |       |   285 |    68 ||   353
Dodge: Dodged            |    56 |    69 |    47 |   202 |    34 ||   408
Block: Other             |       |       |     1 |       |       ||     1
       Tower shield      |       |       |       |    23 |    69 ||    92

Table legend: (Time is in decaauts)
 A = Elapsed time spent in this place.
 B = Non-inter-level travel time spent in this place.
 C = Inter-level travel time spent in this place.
 D = Time resting spent in this place.
 E = Time spent auto-exploring this place.
 F = Levels seen in this place.
 G = Mean time per level.
                   A        B        C        D        E       F      G
               +--------+--------+--------+--------+--------+-----+--------+
         Total |  12940 |  12640 |    300 |   1725 |   8423 |  15 |  862.7 |
       Dungeon |   9466 |   9223 |    243 |   1414 |   6243 |  10 |  946.6 |
          Lair |   2684 |   2627 |     57 |    115 |   2001 |   3 |  894.7 |
        Bailey |    431 |    431 |      0 |      0 |    178 |   1 |  431.0 |
      Ice Cave |    358 |    358 |      0 |    196 |      0 |   1 |  358.0 |
               +--------+--------+--------+--------+--------+-----+--------+

Top non-repeatable levels by time:
     D:7: 1437 daAuts
  Lair:2: 1402 daAuts
     D:4: 1345 daAuts
     D:2: 1176 daAuts
  Lair:1: 1146 daAuts
     D:5: 985 daAuts
     D:3: 982 daAuts
     D:9: 888 daAuts
     D:8: 786 daAuts
     D:1: 713 daAuts
     D:6: 679 daAuts
    D:10: 470 daAuts
  Bailey: 431 daAuts
   IceCv: 358 daAuts
  Lair:3: 134 daAuts
